 Dungeon Sprint DCSS version 0.27.1-1-g398f81649c (webtiles) character file.

Game seed: 1777100718019750392

9 styxcanada the Covert (level 2, -2/15 HPs)
             Began as a Spriggan Brigand on Sept 17, 2021.
             Splashed by an oklob sapling's acid (8 damage)
             ... in the Dungeon (Sprint IV: "Fedhas' Mad Dash").
             The game lasted 00:00:47 (151 turns).

styxcanada the Covert (Spriggan Brigand)             Turns: 151, Time: 00:00:48

Health: -2/15      AC:  3    Str:  7    XL:     2   Next: 6%
Magic:  3/3        EV: 17    Int: 12    God:
Gold:   0          SH:  0    Dex: 16    Spells: 1/1 levels left

rFire    . . .     SeeInvis +   a - +2 dagger
rCold    . . .     Faith    .   (shield restricted)
rNeg     . . .     Spirit   .   b - +0 robe
rPois    .         Reflect  .   (helmet restricted)
rElec    .         Harm     .   c - +0 cloak
rCorr    .         Rampage  .   (gloves unavailable)
Will     .....     NoTele   +   (boots unavailable)
Stlth    ++++......             (no amulet)
HPRegen  0.05/turn              (no ring)
MPRegen  0.08/turn              (no ring)

@: very quick
A: very small, no large weapons, unfitting armour, see invisible, speed 3
a: no special abilities


You were in the Dungeon.
You visited 1 branch

Inventory:

Hand Weapons
 a - a +2 dagger (weapon)
Missiles
 d - 7 poisoned darts
 e - 2 curare-tipped darts (quivered)
Armour
 b - a +0 robe (worn)
 c - a +0 cloak (worn)
Scrolls
 k - a scroll of blinking
Potions
 f - a potion of curing
 g - a potion of heal wounds
 h - a potion of haste
 i - 2 potions of magic
 j - a potion of berserk rage


   Skills:
 * Level 1.9 Fighting
 + Level 2.3 Short Blades
 + Level 2.3 Throwing
 * Level 2.1 Dodging
 * Level 8.0 Stealth


You had one spell level left.
You didn't know any spells.
Your spell library was empty.

Dungeon Overview and Level Annotations

Branches:
Dungeon (1/1)

Altars:

Annotations:
D exclusion: oklob sapling


Innate Abilities, Weirdness & Mutations

You are very small and have problems with some larger weapons.
You are too small for most types of armour.
You have supernaturally acute eyesight. (SInv)
You cover ground extremely quickly. (Speed+++)


Message History

Unknown command.
Unknown command.
You hit the river rat.
You kill the river rat!
Your Dodging skill increases to level 2!
Your Stealth skill gained 2 levels and is now at level 8!
You have reached level 2!
e - a curare-tipped dart You see here a river rat corpse.
You hit the fungus.
The fungus begins to die.
The fungus is lightly damaged.
You hit the fungus but do no damage.
The fungus is lightly damaged.
You hit the fungus but do no damage.
The fungus is lightly damaged.
You hit the fungus.
The fungus is lightly damaged.
You hit the fungus.
The fungus is lightly damaged.
A nearby fungus withers and dies.
e - 2 curare-tipped darts (gained 1);
d - a poisoned dart
d - 2 poisoned darts (gained 1)
d - 3 poisoned darts (gained 1)
There is an open door here.
You see here a +0 dagger.
d - 4 poisoned darts (gained 1)
d - 6 poisoned darts (gained 2)
d - 7 poisoned darts (gained 1)
You start waiting.
Done waiting.
You open the door.
An oklob sapling comes into view.
Marking area around an oklob sapling as unsafe for travelling.
Found 44 gold pieces.
The oklob sapling spits acid at you. The splash of acid hits you!
Ouch! That really hurt!
You are splashed with acid!
Ouch! That really hurt!
You die...

##################
#<†..#.....#.$$$$#
#PP..'.)...@.#
#PPPP#.....#P#
##############


You could see an oklob sapling.

Vanquished Creatures
  A river rat (D)
  A rat (D)
2 creatures vanquished.

Vanquished Creatures (others)
  A fungus (D)
1 creature vanquished.

Grand Total: 3 creatures vanquished

Notes
Turn   | Place    | Note
-------+----------+-------------------------------------------
     0 | D        | styxcanada the Spriggan Brigand began the quest for the
                  | Orb.
     0 | D        | Reached XP level 1. HP: 10/10 MP: 2/2
    21 | D        | Reached skill level 6 in Stealth
    27 | D        | Reached skill level 8 in Stealth
    27 | D        | Reached XP level 2. HP: 14/15 MP: 3/3
   150 | D        | Noticed an oklob sapling
   151 | D        | Splashed by an oklob sapling's acid

Illustrated notes

Levels and vault maps discovered:
D:        dungeon_sprint_fedhas [sprint_temple]

Skill      XL: |  1 |
---------------+----+-----
Stealth        | 8 |  8.0
Dodging        | 2 |  2.1
Fighting       | |  1.9
Short Blades   | |  2.3
Throwing       | |  2.3

Action                   || total
-------------------------++-------
Melee: Dagger            ||     7
Throw: Dart              ||    10
Armor: Robe              ||     2
Dodge: Dodged            ||     7
